[Event "Titled Tuesday Blitz July 13 2021"]
[White "shnitez"]
[Black "Adelman, Charles"]
[BlackFideId "2003597"]
[WhiteElo "2452"]
[BlackElo "2325"]
[Result "1/2-1/2"]
[Round "10"]
[TimeControl "180+1"]
[Date "2021.07.13"]
[WhiteClock "0:00:04"]
[BlackClock "0:00:04"]

1. d4 Nf6 2. c4 e6 3. Nf3 c5 4. Nc3 b6 5. d5 exd5 6. cxd5 d6 7. e4 g6 8. a4 Bg7 9. Bb5+ Nbd7 10. O-O O-O 11. Bf4 Ne8 12. a5 a6 13. Bc6 Rb8 14. axb6 Rxb6 15. Ra2 Qe7 16. Re1 Ne5 17. Nxe5 Bxe5 18. Bxe5 Qxe5 19. Qd2 Nc7 20. f4 Qd4+ 21. Qxd4 cxd4 22. Ne2 d3 23. Nc3 Bb7 24. Bxb7 Rxb7 25. Kf2 Rfb8 26. Na4 Rb4 27. Ke3 f5 28. Kxd3 fxe4+ 29. Rxe4 Nxd5 30. g3 R4b7 31. Ra3 Nb4+ 32. Kd2 Rc7 33. Nc3 d5 34. Rd4 Nc6 35. Rxd5 Rxb2+ 36. Kc1 Rxh2 37. Rc5 Rc8 38. Rxa6 Rh1+ 39. Nd1 Rg1 40. Raxc6 Rxc6 41. Rxc6 Rxg3 42. Rc4 h5 43. Kd2 h4 44. Ke2 h3 45. Nf2 h2 46. Rc7 Rg1 47. Rb7 h1=Q 48. Nxh1 Rxh1 49. Kf3 Rg1 50. Ke4 Re1+ 51. Kf3 Kf8 52. Kg4 Kg8 53. Kg5 Rf1 54. Kxg6 Rg1+ 55. Kf6 Rf1 56. f5 Rf2 57. Rb8+ Kh7 58. Rb5 Kg8 59. Rc5 Rf1 60. Ra5 Rf2 61. Kg6 Rg2+ 62. Kf6 Rf2 63. Ra8+ Kh7 64. Rf8 Rf1 65. Rf7+ Kg8 66. Rb7 Rf2 67. Rc7 Rf1 68. Rd7 Rf2 69. Rd5 Rf1 70. Ke7 Re1+ 71. Kf6 Rf1 72. Re5 Rf2 73. Ke7 Kg7 74. Rd5 Re2+ 75. Kd6 Kf6 76. Kc5 Rf2 77. Kd6 Rxf5 78. Rxf5+ Kxf5 1/2-1/2


[Site "https://www.chess.com"]

[Event "Titled Tuesday Blitz July 13 2021"]
[White "Adelman, Charles"]
[Black "Novoselski, Zoran"]
[WhiteFideId "2003597"]
[BlackFideId "901970"]
[WhiteElo "2329"]
[BlackElo "2327"]
[Result "0-1"]
[Round "11"]
[TimeControl "180+1"]
[Date "2021.07.13"]
[WhiteClock "0:01:55"]
[BlackClock "0:01:35"]

1. Nf3 e6 2. c4 f5 3. b3 Nf6 4. Bb2 Be7 5. g3 O-O 6. Bg2 d6 7. O-O e5 8. d3 c5 9. Nc3 Nc6 10. Nd2 Qe8 11. Nd5 Bd8 12. a3 Kh8 13. b4 cxb4 14. axb4 Nxd5 15. cxd5 Ne7 16. Nc4 f4 17. Nxd6 Qh5 18. Nxc8 Rxc8 19. Rxa7 fxg3 20. hxg3 Nf5 21. Rxb7 Nd4 22. e3 Ne2+ 23. Qxe2 Qxe2 24. Bxe5 Bf6 25. Bxf6 Rxf6 26. Be4 Rcf8 0-1


[Site "https://www.chess.com"]

[Event "Titled Tuesday Blitz July 13 2021"]
[White "Alavkin, Arseny"]
[Black "Tikhonov, Viacheslav"]
[WhiteFideId "4120612"]
[BlackFideId "44196407"]
[WhiteElo "2401"]
[BlackElo "1773"]
[Result "1-0"]
[Round "11"]
[TimeControl "180+1"]
[Date "2021.07.13"]
[WhiteClock "0:00:54"]
[BlackClock "0:00:11"]

1. c4 e5 2. Nc3 Nf6 3. Nf3 Nc6 4. e4 g6 5. g3 Bg7 6. Bg2 O-O 7. O-O d6 8. d3 h6 9. h3 Be6 10. Rb1 Qd7 11. Kh2 a5 12. a3 Kh7 13. b4 axb4 14. axb4 Nh5 15. b5 Ne7 16. Nd5 Nf6 17. Be3 b6 18. Qd2 Nfg8 19. Nh4 f6 20. f4 Nxd5 21. cxd5 Bf7 22. Rfc1 Ra7 23. Rc2 Ne7 24. Bf3 Rfa8 25. Rbc1 Rc8 26. Rb2 Ra5 27. Qb4 f5 28. Rb3 Ra2+ 29. Ng2 Ng8 30. Rbc3 exf4 31. Bxf4 Bxc3 32. Qxc3 Nf6 33. Qxf6 Kg8 34. Bxh6 Be8 35. Qf8+ Kh7 36. Bf4 Rca8 37. exf5 Qxf5 38. Rxc7+ Bd7 39. Qxf5 1-0


[Site "https://www.chess.com"]

[Event "Titled Tuesday Blitz July 13 2021"]
[White "AleksanderHnydiuk"]
[Black "Elgersma, Onno"]
[BlackFideId "1053531"]
[WhiteElo "2606"]
[BlackElo "2457"]
[Result "1-0"]
[Round "11"]
[TimeControl "180+1"]
[Date "2021.07.13"]
[WhiteClock "0:00:52"]
[BlackClock "0:00:03"]

1. d4 d5 2. c4 e6 3. Nf3 Nf6 4. g3 Be7 5. Bg2 O-O 6. Qc2 c5 7. O-O cxd4 8. Nxd4 Nc6 9. Nxc6 bxc6 10. Nd2 a5 11. b3 a4 12. Bb2 Nd7 13. e4 Bf6 14. exd5 cxd5 15. cxd5 exd5 16. Bxd5 axb3 17. axb3 Rxa1 18. Rxa1 Ne5 19. Bg2 Ng4 20. h3 Bf5 21. Ne4 Bxe4 22. Bxe4 Bxb2 23. Qxb2 Nf6 24. Bg2 Qb6 25. b4 Rb8 26. b5 h6 27. Bf1 Ne4 28. Ra3 Rd8 29. Rd3 Rxd3 30. Bxd3 Nxg3 31. Qe5 g6 32. Qxg3 1-0


[Site "https://www.chess.com"]

[Event "Titled Tuesday Blitz July 13 2021"]
[White "Allahverdiyeva, Ayan"]
[Black "Sviridova, Vlada"]
[WhiteFideId "13412590"]
[BlackFideId "24109606"]
[WhiteElo "1910"]
[BlackElo "2101"]
[Result "1-0"]
[Round "11"]
[TimeControl "180+1"]
[Date "2021.07.13"]
[WhiteClock "0:00:20"]
[BlackClock "0:00:04"]

1. e4 e6 2. d4 d5 3. Nc3 Bb4 4. exd5 exd5 5. Bd3 Nc6 6. Ne2 Nge7 7. Bg5 f6 8. Bf4 Bd6 9. O-O a6 10. Qd2 Bf5 11. Bxf5 Nxf5 12. Nxd5 O-O 13. c3 g5 14. Bxd6 Qxd6 15. Ne3 Nh4 16. Ng3 Ne7 17. Qd3 Qf4 18. Nh5 Qd6 19. f4 Kh8 20. Ng4 Qd5 21. Qh3 f5 22. Ngf6 Qc6 23. fxg5 Neg6 24. Nf4 Nxf4 25. Rxf4 Rxf6 26. gxf6 Ng6 27. Rxf5 Rf8 28. Raf1 Rf7 29. Rh5 Kg8 30. Qc8+ Rf8 31. Qf5 Rf7 32. Rxh7 Kxh7 33. Qh5+ Kg8 34. Qxg6+ Kf8 35. Qh6+ Ke8 36. Qh8+ Kd7 37. Qh3+ Ke8 38. Qe3+ Kf8 39. Qh6+ Ke8 40. Re1+ Kd7 41. Qh3+ Kd8 42. Qh8+ Kd7 43. Qe8+ Kd6 44. Qe6# 1-0


[Site "https://www.chess.com"]

[Event "Titled Tuesday Blitz July 13 2021"]
[White "Ambartsumova, Karina"]
[Black "Buscar, Michael"]
[WhiteFideId "4166299"]
[BlackFideId "2603616"]
[WhiteElo "2262"]
[BlackElo "2010"]
[Result "0-1"]
[Round "11"]
[TimeControl "180+1"]
[Date "2021.07.13"]
[WhiteClock "0:00:17"]
[BlackClock "0:00:21"]

1. e4 c5 2. Nf3 Nc6 3. d4 cxd4 4. Nxd4 Nf6 5. Nc3 e5 6. Ndb5 h6 7. Nd6+ Bxd6 8. Qxd6 Qe7 9. Qd2 O-O 10. b3 Rd8 11. Bb2 d5 12. exd5 Nb4 13. Bc4 Bf5 14. O-O Nxc2 15. Rad1 Nd4 16. Rfe1 Qd6 17. f4 Qc5 18. Kh1 Nc2 19. Rxe5 Ng4 20. Re2 Re8 21. Na4 Qd6 22. Rf1 Nce3 23. Rf3 Be4 24. Rfxe3 Qxf4 25. Rf3 Qxh2# 0-1


[Site "https://www.chess.com"]

[Event "Titled Tuesday Blitz July 13 2021"]
[White "Aradhya, Garg"]
[Black "Kubatko, Ivan"]
[WhiteFideId "25006746"]
[BlackFideId "24111473"]
[WhiteElo "2146"]
[BlackElo "2285"]
[Result "1-0"]
[Round "11"]
[TimeControl "180+1"]
[Date "2021.07.13"]
[WhiteClock "0:01:49"]
[BlackClock "0:00:31"]

1. d4 d5 2. c4 e6 3. Nc3 c5 4. e3 Nf6 5. Nf3 a6 6. a3 dxc4 7. Bxc4 b5 8. Bd3 Bb7 9. O-O Nbd7 10. Qe2 Qb6 11. Rd1 Be7 12. Ne5 Nxe5 13. dxe5 Nd7 14. Qg4 Nxe5 15. Qxg7 O-O-O 16. Qxe5 Qc6 17. Bf1 Rhg8 18. Rxd8+ Bxd8 19. e4 Bc7 20. Qh5 b4 21. Qxf7 Rg6 22. axb4 cxb4 23. Qf8+ Bd8 24. Ne2 Qxe4 25. Ng3 Qe1 26. Bg5 1-0


[Site "https://www.chess.com"]

[Event "Titled Tuesday Blitz July 13 2021"]
[White "Araujo Filho, Luiz Antonio Coel"]
[Black "Shuvalov, Evgenij"]
[WhiteFideId "2130661"]
[BlackFideId "4187237"]
[WhiteElo "2259"]
[BlackElo "2163"]
[Result "0-1"]
[Round "11"]
[TimeControl "180+1"]
[Date "2021.07.13"]
[WhiteClock "0:00:13"]
[BlackClock "0:00:37"]

1. d4 Nf6 2. Nf3 g6 3. c4 Bg7 4. Nc3 d5 5. cxd5 Nxd5 6. e4 Nxc3 7. bxc3 c5 8. Be2 cxd4 9. cxd4 Nc6 10. Be3 Qa5+ 11. Kf1 O-O 12. Qb3 Bg4 13. Qxb7 Bxf3 14. Qxc6 Bxe2+ 15. Kxe2 Rac8 16. Qd7 Rc2+ 17. Kf3 f5 18. Qd5+ Qxd5 19. exd5 f4 20. Bc1 Bxd4 21. Rb1 Rxf2+ 22. Kg4 Rxg2+ 23. Kh3 Rxa2 24. Rb7 Bc5 25. Rf1 g5 26. Rc7 Bd6 27. Rb7 f3 28. Bxg5 Rxh2+ 29. Kg4 Rg2+ 30. Kh4 Rf7 31. Rxa7 Rg7 32. Rxf3 h6 33. Bxh6 Rh2+ 34. Rh3 Bg3+ 35. Kh5 Rxh3# 0-1


[Site "https://www.chess.com"]

[Event "Titled Tuesday Blitz July 13 2021"]
[White "Barp, Alberto"]
[Black "Stribuk, Artiom"]
[WhiteFideId "872555"]
[BlackFideId "13515659"]
[WhiteElo "2229"]
[BlackElo "2224"]
[Result "0-1"]
[Round "11"]
[TimeControl "180+1"]
[Date "2021.07.13"]
[WhiteClock "0:00:28"]
[BlackClock "0:00:33"]

1. d4 Nf6 2. c4 g6 3. Nc3 d5 4. cxd5 Nxd5 5. e4 Nxc3 6. bxc3 Bg7 7. Nf3 c5 8. Be3 O-O 9. Qd2 Qa5 10. Rc1 Rd8 11. Be2 cxd4 12. cxd4 Qxd2+ 13. Nxd2 Nc6 14. Nb3 a5 15. d5 Nb4 16. a3 Na2 17. Rc2 Nc3 18. Bd3 b5 19. Nd4 b4 20. axb4 axb4 21. O-O Bd7 22. Bc4 Rdc8 23. Bb3 Bxd4 24. Bxd4 Bb5 25. Re1 Ne2+ 26. Rcxe2 Bxe2 27. f3 Bc4 28. Rb1 Bxb3 29. Rxb3 Rc4 30. Be5 f6 31. Bf4 Ra3 0-1


[Site "https://www.chess.com"]

[Event "Titled Tuesday Blitz July 13 2021"]
[White "Baskin, Robert"]
[Black "Wong, Yinn Long"]
[WhiteFideId "24662402"]
[BlackFideId "5707684"]
[WhiteElo "2462"]
[BlackElo "2016"]
[Result "1-0"]
[Round "11"]
[TimeControl "180+1"]
[Date "2021.07.13"]
[WhiteClock "0:00:49"]
[BlackClock "0:00:14"]

1. c4 c5 2. Nf3 g6 3. d4 cxd4 4. Nxd4 Nc6 5. e4 Nf6 6. Nc3 d6 7. f3 Bg7 8. Be3 O-O 9. Be2 Bd7 10. Qd2 Nxd4 11. Bxd4 Bc6 12. h4 h5 13. g4 hxg4 14. h5 gxh5 15. fxg4 e5 16. Be3 Nxe4 17. Nxe4 Bxe4 18. Rxh5 Bg6 19. Rh3 Qf6 20. O-O-O Rac8 21. Bh6 Bxh6 22. Qxh6 Qg7 23. Qe3 b5 24. Rdh1 bxc4 25. Bf3 c3 26. Rh8+ Qxh8 27. Rxh8+ Kxh8 28. Qh6+ Kg8 29. Bd5 cxb2+ 30. Kxb2 Rc2+ 31. Ka3 Rc3+ 32. Kb4 Rfc8 33. Qxg6+ Kh8 34. Bxf7 a5+ 35. Ka4 Rh3 36. Qf6+ Kh7 37. Qf5+ Kg7 38. Qxc8 Kxf7 39. Qf5+ Ke7 40. g5 Rh4+ 41. Kxa5 Rf4 42. Qh7+ Ke6 43. g6 e4 44. g7 Rf5+ 45. Kb4 1-0


[Site "https://www.chess.com"]

[Event "Titled Tuesday Blitz July 13 2021"]
[White "Bazeev, German"]
[Black "Maksimovic, Bojan"]
[WhiteFideId "24119350"]
[BlackFideId "14408120"]
[WhiteElo "2462"]
[BlackElo "2439"]
[Result "0-1"]
[Round "11"]
[TimeControl "180+1"]
[Date "2021.07.13"]
[WhiteClock "0:00:14"]
[BlackClock "0:02:17"]

1. e4 c5 2. Nf3 Nc6 3. Bb5 g6 4. O-O Bg7 5. c3 Nf6 6. d4 cxd4 7. cxd4 d5 8. Ne5 O-O 9. Nxc6 bxc6 10. Bxc6 Rb8 11. e5 Ne8 12. Nc3 Nc7 13. Re1 Ba6 14. b3 Rc8 15. Bb2 Ne6 16. Bxd5 Rxc3 17. Bxe6 Rd3 18. Qg4 h5 19. Qxg6 Qb6 20. d5 fxe6 21. dxe6 Qxf2+ 22. Kh1 0-1


[Site "https://www.chess.com"]

[Event "Titled Tuesday Blitz July 13 2021"]
[White "Begunov, Konstantin"]
[Black "parintele_chess"]
[WhiteFideId "4118510"]
[WhiteElo "2262"]
[BlackElo "2220"]
[Result "0-1"]
[Round "11"]
[TimeControl "180+1"]
[Date "2021.07.13"]
[WhiteClock "0:00:08"]
[BlackClock "0:00:35"]

1. d4 Nf6 2. c4 g6 3. f3 c5 4. dxc5 Bg7 5. e4 Nc6 6. Nc3 O-O 7. Be3 Ne8 8. Nge2 Nc7 9. a3 a5 10. Qd2 Ne6 11. Nd5 f5 12. exf5 Rxf5 13. Rd1 d6 14. Ng3 Re5 15. f4 Rxe3+ 16. Qxe3 Bxb2 17. Nb6 Bd4 18. Qe4 Nxc5 19. Qd5+ Be6 20. Nxa8 Bxd5 21. cxd5 Bc3+ 22. Kf2 Nd4 23. Bc4 Qxa8 24. Ne2 Nxe2 25. Bxe2 Qf8 26. g3 Qf5 27. Rhe1 Ne4+ 28. Ke3 Nf6 29. Bd3 Nxd5+ 30. Kf3 Qh5+ 31. Kg2 Ne3+ 32. Kh1 Qf3+ 33. Kg1 Qg2# 0-1


[Site "https://www.chess.com"]

[Event "Titled Tuesday Blitz July 13 2021"]
[White "Belyakov, Bogdan"]
[Black "Sharapov, Evgeny"]
[WhiteFideId "24104795"]
[BlackFideId "14103133"]
[WhiteElo "2407"]
[BlackElo "2367"]
[Result "0-1"]
[Round "11"]
[TimeControl "180+1"]
[Date "2021.07.13"]
[WhiteClock "0:01:07"]
[BlackClock "0:01:53"]

1. e4 c6 2. d4 d5 3. e5 c5 4. Nf3 Nc6 5. c4 Bg4 6. cxd5 Bxf3 7. Nc3 Bxd1 8. dxc6 bxc6 9. Nxd1 cxd4 10. Bd3 e6 11. O-O Ne7 12. b3 Nd5 13. Nb2 Be7 14. Nc4 O-O 15. Bd2 Nb6 16. Rac1 Nxc4 17. Rxc4 c5 18. f4 g6 19. Rfc1 a5 20. g3 Qb6 21. Be4 Ra7 22. R1c2 a4 23. bxa4 h5 24. a5 Rxa5 25. Bxa5 Qxa5 26. Kg2 Rb8 27. a4 Rb4 28. Bd3 Rxa4 0-1


[Site "https://www.chess.com"]

[Event "Titled Tuesday Blitz July 13 2021"]
[White "Boidiya, Sidi"]
[Black "Manukian, Artak"]
[WhiteFideId "19600100"]
[BlackFideId "13301373"]
[WhiteElo "2113"]
[BlackElo "2381"]
[Result "0-1"]
[Round "11"]
[TimeControl "180+1"]
[Date "2021.07.13"]
[WhiteClock "0:00:02"]
[BlackClock "0:00:23"]

1. e4 c6 2. d4 d5 3. Nd2 dxe4 4. Nxe4 Nf6 5. Ng5 Bg4 6. N1f3 e6 7. h3 Bh5 8. g4 Bg6 9. Ne5 Nbd7 10. Nxg6 hxg6 11. Bd3 Qc7 12. Qe2 Bd6 13. Bxg6 fxg6 14. Nxe6 Qa5+ 15. Bd2 Bb4 16. c3 Kf7 17. Ng5+ Kf8 18. cxb4 Qd5 19. O-O-O Qxa2 20. Ne6+ Kf7 21. Ng5+ Kf8 22. Bc3 Re8 23. Qc2 Nb6 24. Rhe1 Na4 25. Qxg6 Nxc3 26. bxc3 Qa1+ 27. Kd2 Qa2+ 28. Qc2 Qc4 29. Rxe8+ Kxe8 30. Re1+ Kd8 31. Qf5 Qa2+ 32. Qc2 Qd5 33. Ne6+ Kc8 34. Qf5 Qa2+ 35. Kd3 Qa6+ 36. Kd2 Qa2+ 37. Qc2 Qc4 38. Nxg7 Kb8 39. Re3 Nd5 40. Rg3 Nf4 41. Qe4 Qa2+ 42. Ke3 Nd5+ 43. Kf3 Rf8+ 44. Kg2 Qxf2+ 45. Kh1 Qf1+ 46. Rg1 Qxh3# 0-1


[Site "https://www.chess.com"]

[Event "Titled Tuesday Blitz July 13 2021"]
[White "Bortnyk, Olexandr"]
[Black "Rustemov, Alexander"]
[WhiteFideId "14120828"]
[BlackFideId "4119002"]
[WhiteElo "2723"]
[BlackElo "2794"]
[Result "1-0"]
[Round "11"]
[TimeControl "180+1"]
[Date "2021.07.13"]
[WhiteClock "0:00:05"]
[BlackClock "0:00:01"]

1. d4 d5 2. Nc3 Nf6 3. Bf4 c5 4. e3 cxd4 5. exd4 Bg4 6. f3 Bd7 7. Nb5 Bxb5 8. Bxb5+ Nc6 9. c3 e6 10. Qa4 Qd7 11. Ne2 a6 12. O-O Bd6 13. Bxc6 bxc6 14. Bxd6 Qxd6 15. Nc1 O-O 16. Nd3 Nd7 17. Qb4 Qc7 18. f4 a5 19. Qa3 Rfc8 20. f5 e5 21. dxe5 Nxe5 22. Nxe5 Qxe5 23. f6 Qe3+ 24. Kh1 Re8 25. fxg7 Re6 26. Qa4 Qe4 27. Qb3 Rae8 28. Qb7 R8e7 29. Qa6 Kxg7 30. Rf2 a4 31. Raf1 Qc4 32. Qxc4 dxc4 33. Rf4 Re2 34. Rxc4 Rxb2 35. Rxa4 Ree2 36. Rg4+ Kf8 37. a4 h5 38. Rg5 h4 39. h3 Ra2 40. Rf4 Rec2 41. Rc4 f6 42. Rgg4 Kf7 43. Rcf4 Ke6 44. Kh2 Rxc3 45. Rxh4 c5 46. Rh6 Rcc2 47. Rhxf6+ Kd5 48. R6f5+ Kd6 49. Rg5 c4 50. Rf6+ Ke7 51. Rc6 Kd7 52. Rcc5 Kd6 53. h4 c3 54. Rc8 Rxa4 55. Kh3 Ra1 56. g3 Rh1+ 57. Kg4 Rg1 58. Rgc5 Rgc1 59. R8c6+ Kd7 60. h5 Ke7 61. Kg5 Kf7 62. g4 Ke7 63. h6 Kf7 64. Rc7+ Ke6 65. h7 Rh1 66. Kg6 Kd6 67. R7c6+ Kd7 68. Rc7+ Kd6 69. Rh5 Rch2 70. h8=Q Rxh5 71. Qd8+ Ke5 72. Re7+ Kf4 73. gxh5 Rg1+ 74. Kf6 c2 75. Qd2+ Kf3 76. Re3+ Kg4 77. Qd4+ Kxh5 78. Rh3# 1-0


[Site "https://www.chess.com"]

[Event "Titled Tuesday Blitz July 13 2021"]
[White "Costachi, Mihnea"]
[Black "Pourkashiyan, Atousa"]
[WhiteFideId "1217518"]
[BlackFideId "12502014"]
[WhiteElo "2482"]
[BlackElo "2285"]
[Result "1-0"]
[Round "11"]
[TimeControl "180+1"]
[Date "2021.07.13"]
[WhiteClock "0:00:29"]
[BlackClock "0:00:06"]

1. e4 e5 2. Nf3 Nf6 3. Bc4 Nxe4 4. O-O d5 5. Qe2 Be7 6. Nxe5 O-O 7. Bb3 Nc6 8. Nxc6 bxc6 9. Nc3 Nc5 10. d3 Re8 11. Bf4 Bd6 12. Qd2 Bf5 13. Rae1 Qf6 14. Bxd6 Qxd6 15. Rxe8+ Rxe8 16. Re1 Qd7 17. h3 h6 18. Nd1 Bg6 19. Ne3 Ne6 20. Ng4 f6 21. Qa5 Ra8 22. Ba4 Qd6 23. Qa6 Nd4 24. c3 Nb5 25. Bxb5 cxb5 26. Qxb5 c6 27. Qa6 Qc7 28. Re6 Rc8 29. d4 Bf5 30. Re3 Bxg4 31. hxg4 Qd7 32. f3 Kf7 33. a4 Re8 34. Qe2 Rxe3 35. Qxe3 Qb7 36. b4 Qa6 37. a5 Qc4 38. Kh2 Qb3 39. Qd3 Qb2 40. Qa6 Qxc3 41. Qxa7+ Kg6 42. Qc5 Qe1 43. Qc2+ Kf7 44. g3 Qxb4 45. Qa2 Qb7 46. a6 Qa7 47. Qa4 Kg6 48. Qxc6 Qxd4 49. Qe8+ Kh7 50. Qe2 Qa4 51. Qd3+ Kh8 52. Kh3 d4 53. f4 Qa1 54. Kg2 Qa2+ 55. Kf3 Qa1 56. Ke4 Kg8 57. Kd5 Kh8 58. Ke6 Qa4 59. Kd6 Qb4+ 60. Kd5 Qa4 61. Kc5 Qa1 62. Kb6 Qb2+ 63. Qb5 Qa3 64. a7 Qd6+ 65. Qc6 Qb4+ 66. Kc7 Qe7+ 67. Kb8 Qd8+ 68. Qc8 Qxc8+ 69. Kxc8 d3 70. a8=Q 1-0


[Site "https://www.chess.com"]

[Event "Titled Tuesday Blitz July 13 2021"]
[White "Csonka, Balazs"]
[Black "Gabrielian, Artur"]
[WhiteFideId "742910"]
[BlackFideId "4131002"]
[WhiteElo "2404"]
[BlackElo "2523"]
[Result "0-1"]
[Round "11"]
[TimeControl "180+1"]
[Date "2021.07.13"]
[WhiteClock "0:00:02"]
[BlackClock "0:01:43"]

1. d4 Nf6 2. Bf4 g6 3. Nc3 d5 4. e3 Bg7 5. h4 h5 6. Nf3 O-O 7. Ne5 c5 8. Qd2 cxd4 9. exd4 Nc6 10. O-O-O Bf5 11. f3 Rc8 12. Bb5 Nb4 13. Ba4 b5 14. Bb3 a5 15. g4 hxg4 16. fxg4 Ne4 17. Qg2 Nxc3 18. bxc3 Bxc2 19. Bxc2 Rxc3 20. Rd2 Qb6 21. a3 Nxc2 22. Rxc2 Qxd4 23. Rxc3 Qxf4+ 24. Kb1 Qxe5 25. Rhc1 b4 26. axb4 axb4 27. Rg3 b3 0-1


[Site "https://www.chess.com"]

[Event "Titled Tuesday Blitz July 13 2021"]
[White "Daianu, Cristian-Clement"]
[Black "Rodchenkov, Vitaly"]
[WhiteFideId "1208926"]
[BlackFideId "4152964"]
[WhiteElo "2133"]
[BlackElo "2337"]
[Result "1-0"]
[Round "11"]
[TimeControl "180+1"]
[Date "2021.07.13"]
[WhiteClock "0:01:25"]
[BlackClock "0:01:48"]

1. e4 d5 2. exd5 Qxd5 3. Nf3 Bg4 4. Be2 Nc6 5. d4 O-O-O 6. Be3 e5 7. c4 Qa5+ 8. Bd2 Bb4 9. d5 Bxf3 10. Bxf3 Nd4 11. a3 Bxd2+ 12. Nxd2 f5 13. O-O Nf6 14. Re1 e4 15. Be2 c6 16. b4 Qc7 17. dxc6 Nxc6 18. Qc2 Nd4 19. Qc3 Nxe2+ 20. Rxe2 Rd3 21. Qc2 Ng4 22. Nf1 Rhd8 23. h3 Ne5 24. c5 Kb8 25. Rc1 g5 26. b5 h5 27. a4 h4 28. a5 g4 29. b6 a6 30. bxc7+ 1-0


[Site "https://www.chess.com"]

[Event "Titled Tuesday Blitz July 13 2021"]
[White "Djordjevic, Vuk"]
[Black "Tomb, Maroun"]
[WhiteFideId "902098"]
[BlackFideId "5300398"]
[WhiteElo "2463"]
[BlackElo "2540"]
[Result "1-0"]
[Round "11"]
[TimeControl "180+1"]
[Date "2021.07.13"]
[WhiteClock "0:00:12"]
[BlackClock "0:00:02"]

1. d4 Nf6 2. Bg5 d6 3. Bxf6 exf6 4. e3 g6 5. c4 b6 6. h4 h5 7. Ne2 Bb7 8. Nf4 f5 9. Be2 Be7 10. Bf3 c6 11. g3 Nd7 12. Nc3 Nf6 13. Qd3 Qd7 14. O-O O-O 15. b4 Rfe8 16. a4 d5 17. Rfb1 dxc4 18. Qxc4 Kg7 19. a5 Rac8 20. axb6 axb6 21. Ra7 Ra8 22. Rxb7 Qxb7 23. Bxc6 Qc8 24. Qb5 Ra3 25. Ncd5 Kf8 26. Nxf6 Bxf6 27. Bxe8 Qxe8 28. Qxb6 Kg7 29. Qb7 Ra8 30. b5 Rb8 31. Qd5 Rd8 32. Qc4 Rb8 33. b6 Bd8 34. b7 Qe7 35. Qc6 Qf8 36. Qd7 Kg8 37. Nd5 Kg7 38. Nc7 Kg8 39. Na6 Qd6 40. Qxd6 1-0


[Site "https://www.chess.com"]

[Event "Titled Tuesday Blitz July 13 2021"]
[White "Dobrowolski, Piotr"]
[Black "Altman, Joshua"]
[WhiteFideId "1106236"]
[BlackFideId "426210"]
[WhiteElo "2304"]
[BlackElo "1945"]
[Result "1/2-1/2"]
[Round "11"]
[TimeControl "180+1"]
[Date "2021.07.13"]
[WhiteClock "0:00:15"]
[BlackClock "0:00:33"]

1. e4 e6 2. Nf3 d5 3. Nc3 dxe4 4. Nxe4 Nd7 5. d4 Ngf6 6. Nxf6+ Nxf6 7. Bc4 Be7 8. O-O b6 9. Qe2 Bb7 10. Rd1 O-O 11. Ne5 Qc8 12. Bg5 c5 13. Bb5 a6 14. Bd7 Nxd7 15. Bxe7 Re8 16. Bd6 Nxe5 17. dxe5 Qc6 18. Qg4 Qe4 19. Qxe4 Bxe4 20. c3 c4 21. f3 Bd5 22. Kf2 b5 23. a4 f6 24. Ra3 Kf7 25. Rda1 Bc6 26. axb5 axb5 27. Ra7+ Kg8 28. R1a6 Bd5 29. exf6 gxf6 30. Bc5 Rxa7 31. Rxa7 Ra8 32. Rxa8+ Bxa8 33. Ke3 Kf7 34. g4 Bd5 35. h4 Kg7 36. f4 Bg2 37. Bd4 Kf7 38. h5 Bh3 39. g5 fxg5 40. fxg5 Bf5 41. Kf4 Ke7 42. g6 hxg6 43. h6 Kf7 44. Kg5 Kg8 45. Be5 Kh7 46. Bd4 Be4 47. Be5 Bf5 48. Bd4 Be4 49. Be5 Bf5 1/2-1/2


[Site "https://www.chess.com"]

[Event "Titled Tuesday Blitz July 13 2021"]
[White "Dolzhykova, Kateryna"]
[Black "Hansen, Sune Berg"]
[WhiteFideId "14113414"]
[BlackFideId "1400266"]
[WhiteElo "2151"]
[BlackElo "2632"]
[Result "1-0"]
[Round "11"]
[TimeControl "180+1"]
[Date "2021.07.13"]
[WhiteClock "0:01:08"]
[BlackClock "0:00:18"]

1. e4 e5 2. Nf3 Nc6 3. Bc4 Nf6 4. Ng5 d5 5. exd5 Na5 6. Bb5+ c6 7. dxc6 bxc6 8. Bd3 Nd5 9. Ne4 f5 10. Nec3 Nf4 11. O-O Nxd3 12. cxd3 Bd6 13. Na3 O-O 14. Nc4 Bc7 15. Re1 Re8 16. b4 Nb7 17. Qf3 Qf6 18. Bb2 Bd7 19. Na4 e4 20. dxe4 Qh6 21. g3 fxe4 22. Rxe4 Rxe4 23. Qxe4 Re8 24. Qd3 Bh3 25. Ne3 Nd6 26. Rc1 Ne4 27. Qc4+ Be6 28. Qxe4 1-0


[Site "https://www.chess.com"]

[Event "Titled Tuesday Blitz July 13 2021"]
[White "Wagner, Dinara"]
[Black "Zubritskiy, Artyom"]
[WhiteFideId "24157570"]
[BlackFideId "4181247"]
[WhiteElo "2260"]
[BlackElo "2559"]
[Result "1-0"]
[Round "11"]
[TimeControl "180+1"]
[Date "2021.07.13"]
[WhiteClock "0:00:41"]
[BlackClock "0:00:01"]

1. d4 Nc6 2. Nf3 d6 3. c4 g6 4. g3 Bg7 5. Bg2 Nf6 6. O-O O-O 7. Nc3 Nd7 8. h3 a6 9. e4 Rb8 10. Be3 Na5 11. b3 b5 12. cxb5 axb5 13. Rc1 b4 14. Nd5 c6 15. Nf4 Ba6 16. Re1 Qb6 17. Qd2 Qb7 18. e5 Nb6 19. e6 Nd5 20. Nxd5 cxd5 21. exf7+ Rxf7 22. Ng5 Rf5 23. Ne6 Qd7 24. Bh6 Bh8 25. g4 Rf7 26. Bxd5 Rb5 27. Rc7 Qe8 28. Nf4 Rxd5 29. Nxd5 e6 30. Rxf7 Qxf7 31. Nf4 e5 32. dxe5 Bxe5 33. Rxe5 1-0


[Site "https://www.chess.com"]

[Event "Titled Tuesday Blitz July 13 2021"]
[White "Dudzinski, Pawel"]
[Black "Seul, Georg"]
[WhiteFideId "1117890"]
[BlackFideId "4601653"]
[WhiteElo "2193"]
[BlackElo "2332"]
[Result "1-0"]
[Round "11"]
[TimeControl "180+1"]
[Date "2021.07.13"]
[WhiteClock "0:00:03"]
[BlackClock "0:00:02"]

1. e4 d6 2. c4 e5 3. Nc3 Nc6 4. g3 h5 5. h3 h4 6. g4 Be7 7. Bg2 Bg5 8. d3 Bxc1 9. Qxc1 Nge7 10. Nge2 Ng6 11. f4 exf4 12. Nxf4 Nge5 13. Qe3 Ne7 14. Nce2 c5 15. O-O-O Qa5 16. Kb1 Be6 17. b3 O-O-O 18. d4 cxd4 19. Nxd4 Qb6 20. Rhe1 Bxc4 21. Nf5 Nxf5 22. Qxb6 axb6 23. exf5 Ba6 24. Nd5 Rhe8 25. f6 gxf6 26. Nxf6 Re6 27. Nd5 Kb8 28. Be4 Ka7 29. Bf5 Ree8 30. Nf6 Rh8 31. Re3 Bb5 32. a4 Bc6 33. Ka2 Kb8 34. g5 Kc7 35. Rc1 Kb8 36. Rd1 Rhf8 37. Ka3 b5 38. a5 Ka7 39. Kb4 Kb8 40. Ka3 Kc7 41. Rc3 Ra8 42. Nd5+ Kd8 43. Nb6 Rxa5+ 44. Kb4 Ra2 45. Rxd6+ Kc7 46. Rdxc6+ bxc6 47. Nd5+ Kd6 48. Nf6 Rfa8 49. Ne4+ Kd5 50. Nf6+ Kd4 51. Rc1 Rb2 52. Rd1+ Nd3+ 53. Rxd3+ Ke5 54. Bd7 Ra4+ 55. Kc5 Rc4+ 56. Kb6 Rc1 57. Bxc6 Kf5 58. Bxb5 Kxg5 59. Ne4+ Kf4 60. Nc5 Rg1 61. b4 Rg3 62. Rd4+ Ke5 63. Rxh4 f5 64. Rh5 Kf6 65. Nd3 Rb3 66. Nc5 f4 67. Rh6+ Kg5 68. Rh8 Rge3 69. Rg8+ Kh4 70. Rh8+ Kg3 71. Ka5 f3 72. Bc6 f2 73. Rg8+ Kh2 74. Ne4 f1=Q 75. Nd2 Ra3+ 76. Kb6 Qa6+ 77. Kc5 Qa7+ 78. Kd5 1-0


[Site "https://www.chess.com"]

[Event "Titled Tuesday Blitz July 13 2021"]
[White "Erdogdu, Mert"]
[Black "Mortazavi, Ali"]
[WhiteFideId "6301495"]
[BlackFideId "401323"]
[WhiteElo "2485"]
[BlackElo "2339"]
[Result "1-0"]
[Round "11"]
[TimeControl "180+1"]
[Date "2021.07.13"]
[WhiteClock "0:00:45"]
[BlackClock "0:00:12"]

1. e4 c6 2. d4 d5 3. exd5 cxd5 4. c4 Nf6 5. Nc3 g6 6. cxd5 Nxd5 7. Bc4 Nb6 8. Bb3 Bg7 9. Nf3 O-O 10. O-O Nc6 11. d5 Na5 12. Bg5 Bg4 13. Re1 Re8 14. h3 Bxf3 15. Qxf3 Nxb3 16. axb3 Qd7 17. Rad1 h6 18. Bh4 Nc8 19. d6 Nxd6 20. Nd5 g5 21. Bg3 Qf5 22. Nxe7+ Rxe7 23. Rxe7 Qxf3 24. gxf3 Nf5 25. Rxb7 Bxb2 26. Rb8+ Rxb8 27. Bxb8 Bd4 28. Kf1 Kf8 29. Re1 Bb6 30. f4 Nd4 31. fxg5 hxg5 32. Bd6+ Kg8 33. Re8+ Kh7 34. b4 Kg6 35. Bc5 Nc2 36. Bxb6 axb6 37. Rb8 Kf5 38. Rxb6 Ke4 39. b5 f5 40. Re6+ Kf3 41. b6 f4 42. b7 g4 43. hxg4 Nd4 44. Rb6 1-0


[Site "https://www.chess.com"]